 Dungeon Crawl Stone Soup version 0.27-a0-406-g23f261fbd2 (webtiles) character file.

Game seed: 6483122838542390418

988 wampuh the Chopper (level 7, -3/91 HPs)
             Began as a Grey Draconian Berserker on Feb 23, 2021.
             Was a Priest of Trog.
             Slain by a killer bee (6 damage)
             ... on level 5 of the Dungeon.
             The game lasted 00:05:05 (4449 turns).

wampuh the Chopper (Grey Draconian Berserker)       Turns: 4449, Time: 00:05:05

Health: -3/91      AC: 12    Str: 28    XL:     7   Next: 97%
Magic:  7/7        EV: 13    Int:  7    God:    Trog [***...]
Gold:   150        SH:  0    Dex: 10    Spells: 6/6 levels left

rFire    . . .     SeeInvis .   a - +0 hand axe
rCold    . . .     Faith    .   (no shield)
rNeg     . . .     Spirit   .   (armour unavailable)
rPois    .         Reflect  .   (helmet restricted)
rElec    .         Harm     .   i - +0 cloak {Stlth+}
rCorr    .         Rampage  .   (no gloves)
Will     .....                  (no boots)
Stlth    ..........             (no amulet)
HPRegen  0.25/turn              q - +6 ring of strength
MPRegen  0.10/turn              (no ring)

@: berserking, very quick
A: walk through water, unfitting armour, unbreathing, cold-blooded, AC +11
a: Renounce Religion, Berserk, Trog's Hand


You were on level 5 of the Dungeon.
You worshipped Trog.
Trog was most pleased with you.
You visited 1 branch of the dungeon, and saw 5 of its levels.

You collected 150 gold pieces.

Inventory:

Hand Weapons
 a - a +0 hand axe (weapon)
Armour
 i - a +0 cloak of stealth (worn)
Jewellery
 q - a +6 ring of strength (left hand)
Wands
 m - a wand of random effects (4)
Scrolls
 b - 7 scrolls of identify {unknown}
 d - 2 scrolls of noise {unknown}
 h - a scroll of teleportation {unknown}
 n - 2 scrolls of fog {unknown}
 p - a scroll of fear {unknown}
 r - a scroll of amnesia {unknown}
Potions
 c - 5 potions of curing {unknown}
 e - 2 potions of invisibility {unknown}
 f - a potion of attraction {unknown}
 g - a potion of flight {unknown}
 j - a potion of degeneration {unknown}
 k - a potion of cancellation {unknown}
 l - a potion of ambrosia {unknown}
 o - a potion of haste {unknown}


   Skills:
 - Level 5.0 Fighting
 * Level 6.9 Axes
 + Level 5.0 Dodging
 + Level 3.1 Evocations


You had 6 spell levels left.
You didn't know any spells.
Your spell library was empty.

Dungeon Overview and Level Annotations

Branches:
Dungeon (5/15)
 Temple: D:4-7

Altars:
Cheibriados
Dithmenos
Wu Jian


Innate Abilities, Weirdness & Mutations

You can walk through water.
Your dull iron-grey scales are very hard. (AC +11)
You cannot fit into any form of body armour.
You can survive without breathing.
You are cold-blooded and may be slowed by cold attacks.


Message History

The leopard gecko misses you. The killer bee closely misses you.
You slash the troll!
You kill the troll!
Trog accepts your kill.
You slash the leopard gecko!
You kill the leopard gecko!
Trog accepts your kill.
You miss the killer bee. You closely miss the killer bee. x2
The killer bee stings you.
* * * LOW HITPOINT WARNING * * *
The killer bee stings you!
* * * LOW HITPOINT WARNING * * *
The killer bee barely misses you.
Your Dodging skill increases to level 5!
Your Evocations skill increases to level 3!
You slash the killer bee!
You kill the killer bee!
Trog accepts your kill.
You miss the killer bee. x2; You hit the quokka.
You kill the quokka!
Trog accepts your kill. The killer bee stings you.
* * * LOW HITPOINT WARNING * * *
The killer bee closely misses you.
You are too berserk!
You closely miss the killer bee.
Your tail-slap misses the killer bee.
The killer bee is almost dead.
You closely miss the killer bee. You slash the killer bee!
The killer bee closely misses you. The killer bee barely misses you.
The killer bee stings you but does no damage.
You slice the killer bee!!
You kill the killer bee!
Trog accepts your kill.
You miss the killer bee. You hit the killer bee.
You kill the killer bee!
Trog accepts your kill. The killer bee stings you.
* * * LOW HITPOINT WARNING * * *
The killer bee stings you.
You die...

..#...).)#####.###
..#.####)..).....# !
#.#......))†...#)# ..
#.#....#.......... # ..
#.#.##.##.###..#.# ####
###.###.#.##.##.###..#.#
...#
........#............#.#
....
......††y.......###.##.#
.... #.....†@####.####
#.##.# .### ####....# .#
#># .. ####.# # #.# .
..# #.# ..# #.# ...# #
#.# ##.# .##. #.# #.#
... #.# ... #.#


You could see a killer bee.

Vanquished Creatures
  A troll (D:5)
  A gnoll sergeant (D:5)
  3 killer bees (D:5)
  A bullfrog zombie (D:5)
  An orc priest (D:3)
  3 hounds (D:4)
  Crazy Yiuf (D:2)
  2 bullfrog skeletons
  A centaur skeleton (D:4)
  Terence (D:2)
  Natasha (thrice) (D:2)
  An iguana (D:5)
  An orc wizard (D:5)
  A worker ant (D:4)
  A hound zombie (D:5)
  Robin (D:4)
  5 gnolls (D:5)
  6 adders
  An ufetubus (D:5)
  An ooze (D:5)
  An adder skeleton (D:4)
  3 worms
  A dart slug (D:3)
  3 leopard geckos
  10 orcs
  A ball python (D:5)
  A giant cockroach (D:2)
  11 goblins
  5 hobgoblins
  8 jackals
  A quokka (D:5)
  A bat (D:3)
  5 frilled lizards
  A jackal skeleton (D:4)
  2 kobolds
  3 rats (D:2)
93 creatures vanquished.

Vanquished Creatures (others)
  2 fungi (D:2)
2 creatures vanquished.

Grand Total: 95 creatures vanquished

Notes
Turn   | Place    | Note
-------+----------+-------------------------------------------
     0 | D:1      | wampuh the Draconian Berserker began the quest for the Orb.
     0 | D:1      | Reached XP level 1. HP: 19/19 MP: 1/1
    33 | D:1      | You fall into a shaft and drop 1 floor!
    57 | D:2      | Noticed Terence
    71 | D:2      | Killed Terence
    72 | D:2      | Reached XP level 2. HP: 10/27 MP: 2/2
   305 | D:2      | Reached XP level 3. HP: 30/33 MP: 3/3
   872 | D:2      | Found a shadowy altar of Dithmenos.
  1129 | D:2      | Noticed Natasha
  1142 | D:2      | Killed Natasha
  1143 | D:2      | Reached XP level 4. HP: 28/40 MP: 4/4
  1157 | D:2      | Noticed Natasha
  1173 | D:2      | Killed Natasha
  1173 | D:2      | Reached ** piety under Trog
  1549 | D:2      | Noticed Natasha
  1558 | D:2      | Killed Natasha
  1559 | D:2      | Reached skill level 4 in Axes
  1627 | D:2      | Found a runed translucent door.
  1628 | D:2      | Noticed Crazy Yiuf
  1634 | D:2      | Killed Crazy Yiuf
  1635 | D:2      | Reached XP level 5. HP: 47/47 MP: 5/5
  2014 | D:3      | Found an ornate altar of the Wu Jian Council.
  2594 | D:3      | Found a snail-covered altar of Cheibriados.
  2836 | D:4      | Reached skill level 5 in Fighting
  2932 | D:4      | Reached XP level 6. HP: 47/56 MP: 6/6
  3062 | D:4      | Reached skill level 5 in Axes
  3070 | D:4      | Identified the +0 helmet of Erruowy {Int+10}
  3070 | D:4      | Noticed Robin
  3099 | D:4      | Killed Robin
  3100 | D:4      | Reached skill level 1 in Evocations
  3215 | D:4      | Reached *** piety under Trog
  3743 | D:5      | Entered Level 5 of the Dungeon
  4049 | D:5      | Your scales start taking on a dull iron-grey colour.
  4049 | D:5      | Reached XP level 7. HP: 61/61 MP: 7/7
  4049 | D:5      | Gained mutation: You can survive without breathing. [Grey
                  | Draconian growth]
  4252 | D:5      | Reached skill level 6 in Axes
  4439 | D:5      | Noticed a troll
  4446 | D:5      | Killed a troll
  4447 | D:5      | Reached skill level 5 in Dodging
  4449 | D:5      | HP: 3/91 [killer bee (4)]
  4449 | D:5      | Slain by a killer bee

Illustrated notes

Levels and vault maps discovered:
D:1:      dpeg_arrival_tiny_j, layout_basic, chequers_serial_rivers_micro_e
D:2:      layout_basic, nicolae_dithmenos_shadow_blocks,
          uniq_crazy_yiuf_cottage, uniq_terence, uniq_natasha
D:3:      layout_basic, old_standard_altar, overflow_temple_1_default
D:4:      layout_rooms, uniq_robin
D:5:      minmay_recursive_quarters, layout_loops_ring, minmay_door_square

Skill      XL: |  1  2  3  4  5  6  7 |
---------------+----------------------+-----
Dodging        | 3 4 5 |  5.0
Fighting       | 4 5 |  5.0
Axes           | 4 5 6 |  6.9
Evocations     | 1 3 |  3.1

Action                   |  1- 3 |  4- 6 |  7- 9 || total
-------------------------+-------+-------+-------++-------
Melee: Hand axe          |    79 |   189 |    48 ||   316
       Tailslap          |    12 |    30 |     8 ||    50
Invok: Berserk           |     1 |     6 |     2 ||     9
Armor: Skin              |    23 |    63 |    18 ||   104
Dodge: Dodged            |    44 |   146 |    57 ||   247

Table legend: (Time is in decaauts)
 A = Elapsed time spent in this place.
 B = Non-inter-level travel time spent in this place.
 C = Inter-level travel time spent in this place.
 D = Time resting spent in this place.
 E = Time spent auto-exploring this place.
 F = Levels seen in this place.
 G = Mean time per level.
                   A        B        C        D        E       F      G
               +--------+--------+--------+--------+--------+-----+--------+
         Total |   4559 |   4466 |     93 |   1857 |   1997 |   5 |  911.8 |
       Dungeon |   4559 |   4466 |     93 |   1857 |   1997 |   5 |  911.8 |
               +--------+--------+--------+--------+--------+-----+--------+

Top non-repeatable levels by time:
     D:2: 1952 daAuts
     D:4: 931 daAuts
     D:3: 929 daAuts
     D:5: 713 daAuts
     D:1: 33 daAuts
